 Dungeon Sprint DCSS version 0.28.0-53-g5a82cb258f (webtiles) character file.

Game seed: 12122549363413607733

91 Zeld the Thaumaturge (level 4, -10/24 HPs)
             Began as a Deep Elf Conjurer on May 30, 2022.
             Was an Initiate of Sif Muna.
             Killed by divine providence
             ... invoked by an oklob sapling priest
              (16 damage)
             ... in the Dungeon (Sprint IV: "Fedhas' Mad Dash").
             The game lasted 00:00:58 (1253 turns).

Zeld the Thaumaturge (Deep Elf Conjurer)            Turns: 1253, Time: 00:00:59

Health: -10/24     AC:  2    Str:  4    XL:     4   Next: 33%
Magic:  16/16      EV: 12    Int: 25    God:    Sif Muna [......]
Gold:   62         SH:  0    Dex: 13    Spells: 5/19 levels left

rFire   . . .      SeeInvis .   (no weapon)
rCold   . . .      Faith    .   (no shield)
rNeg    . . .      Spirit   .   a - +0 robe
rPois   .          Reflect  .   (no helmet)
rElec   .          Harm     .   (no cloak)
rCorr   .          Rampage  .   (no gloves)
Will    .....      NoTele   +   (no boots)
Stlth   ++........              h - amulet of invisibility {+Inv}
HPRegen 0.08/turn               (no ring)
MPRegen 0.15/turn               (no ring)

@: no status effects
A: no striking features
a: Renounce Religion, Evoke Invisibility


You were in the Dungeon.
You worshipped Sif Muna.
Sif Muna was noncommittal.
You visited 1 branch You collected 62 gold pieces.

Inventory:

Armour
 a - a +0 robe (worn)
Jewellery
 h - the amulet of invisibility (around neck) {+Inv}
   (You found it in the Dungeon)

   [amulet of nothing]

   +Inv:      It lets you turn invisible.
Scrolls
 g - a scroll of blinking
Potions
 b - a potion of curing
 c - a potion of heal wounds
 d - a potion of haste
 e - 2 potions of magic
 f - a potion of berserk rage


   Skills:
 - Level 2.4 Dodging
 - Level 2.4 Stealth
 * Level 8.1 Spellcasting
 * Level 7.7 Conjurations
 - Level 2.0 Hexes
 - Level 2.0 Translocations


You had 5 spell levels left.
You knew the following spells:

 Your Spells              Type           Power      Damage    Failure   Level
a - Magic Dart            Conj           100%       1d8       1%          1
b - Searing Ray           Conj           96%        2d7       1%          2
c - Fulminant Prism       Conj/Hex       17%        3d11      9%          4
d - Iskenderun's Mystic   Conj/Tloc      34%        2d8       9%          4
z - Dazzling Flash        Conj/Hex       68%        N/A       2%          3

Your spell library contained the following spells:

 Spells                   Type           Power      Damage    Failure   Level


Dungeon Overview and Level Annotations

Branches:
Dungeon (1/1)

Altars:
Cheibriados
Dithmenos
Elyvilon
Gozag
Hepliaklqana
Kikubaaqudgha
Makhleb
Nemelex Xobeh
Okawaru
Qazlal
Ru
Sif Muna
Trog
Uskayaw
Vehumet
Wu Jian
Xom
Yredelemnul
Zin
The Shining One
Beogh
Jiyva
Lugonu

Annotations:
D exclusion: oklob sapling


Message History

Memorise Fulminant Prism, consuming 4 spell levels and leaving 9?
You start memorising the spell.
You continue memorising. x2
You flicker for a moment.
You continue memorising. x2
Magic restored.
You finish memorising.
Spell assigned to 'c'.
There is an open door here.
You flicker back into view.
You see here 4 poisoned darts.
This spell is extremely dangerous to cast!
Memorise Iskenderun's Mystic Blast, consuming 4 spell levels and leaving 5?
You start memorising the spell.
You continue memorising. x4
You finish memorising.
Spell assigned to 'd'.
You start waiting.
Your magical contamination has completely faded away.
You start waiting.
Done waiting.
Unknown command.
Really walk into a travel-excluded area?
Okay, then.
Really walk into a travel-excluded area?
There is an open door here.
The oklob sapling priest spits acid at you.
The splash of acid hits you!!
Ouch! That really hurt!
* * * LOW HITPOINT WARNING * * *
There is a burning altar of Makhleb here.
Casting: Searing Ray (safe; 1% risk of failure)
Confirm with . or Enter, or press ? or * to list all spells.
The spell is extremely dangerous to miscast (9% risk of failure)!
Continue anyway? [Y]es or [N]o only, please.
The spell is extremely dangerous to miscast (9% risk of failure)!
Continue anyway? [Y]es or [N]o only, please.
The spell is extremely dangerous to miscast (9% risk of failure)!
Continue anyway?
Okay, then.
The oklob sapling priest begins to cast a cantrip, but forgets the words!
The oklob sapling priest calls down the wrath of its god upon you.
Something smites you!
Ouch! That really hurt!
You die...

#############################
..P#.....#.....#.⌠._._._._.⌠.
P..†.....'.#[(.'@._._._._._..
.PP#.....#.#...#..._._P_._...
#############+##.._._._._._..
#._._._._._.⌠. ##############


You could see an oklob sapling priest.

Vanquished Creatures
  A scorpion (D)
  An oklob sapling (D)
  A river rat (D)
  A rat (D)
4 creatures vanquished.

Vanquished Creatures (others)
  2 fungi (D)
2 creatures vanquished.

Grand Total: 6 creatures vanquished

Notes
Turn   | Place    | Note
-------+----------+-------------------------------------------
     0 | D        | Zeld the Deep Elf Conjurer began the quest for the Orb.
     0 | D        | Reached XP level 1. HP: 10/10 MP: 6/6
   213 | D        | Reached skill level 4 in Spellcasting
   213 | D        | Reached skill level 5 in Conjurations
   213 | D        | Reached skill level 1 in Hexes
   213 | D        | Reached skill level 1 in Translocations
   213 | D        | Reached XP level 2. HP: 2/15 MP: 0/9
   217 | D        | Learned a level 2 spell: Searing Ray
   484 | D        | Noticed an oklob sapling
   486 | D        | Killed an oklob sapling
   487 | D        | Reached skill level 6 in Spellcasting
   487 | D        | Reached XP level 3. HP: 19/19 MP: 6/12
   491 | D        | Learned a level 3 spell: Dazzling Flash
   632 | D        | Noticed a scorpion
   632 | D        | Found the amulet of invisibility {+Inv}
   636 | D        | Killed a scorpion
   637 | D        | Reached skill level 8 in Spellcasting
   637 | D        | Reached XP level 4. HP: 24/24 MP: 8/16
   866 | D        | Found an opulent altar of Gozag.
   866 | D        | Found a hazy altar of Hepliaklqana.
   866 | D        | Found a burning altar of Makhleb.
   866 | D        | Found a sparkling altar of Nemelex Xobeh.
   866 | D        | Found a snail-covered altar of Cheibriados.
   866 | D        | Found a sacrificial altar of Ru.
   866 | D        | Found a shimmering blue altar of Sif Muna.
   866 | D        | Found a shimmering altar of Xom.
   866 | D        | Found a basalt altar of Yredelemnul.
   867 | D        | Found a viscous altar of Jiyva.
   867 | D        | Found a bloodstained altar of Trog.
   867 | D        | Found an ornate altar of the Wu Jian Council.
   868 | D        | Found an iron altar of Okawaru.
   868 | D        | Found a shadowy altar of Dithmenos.
   868 | D        | Found a glowing silver altar of Zin.
   869 | D        | Found an ancient bone altar of Kikubaaqudgha.
   869 | D        | Found a hide-covered altar of Uskayaw.
   870 | D        | Found a stormy altar of Qazlal.
   870 | D        | Found a glowing golden altar of the Shining One.
   870 | D        | Found a white marble altar of Elyvilon.
   871 | D        | Found a radiant altar of Vehumet.
   871 | D        | Found a corrupted altar of Lugonu.
   875 | D        | Became a worshipper of Sif Muna the Loreminder
  1125 | D        | Learned a level 4 spell: Fulminant Prism
  1134 | D        | Learned a level 4 spell: Iskenderun's Mystic Blast
  1253 | D        | Killed from afar by an oklob sapling priest

Illustrated notes

Levels and vault maps discovered:
D:        dungeon_sprint_fedhas [sprint_temple]

Skill      XL: |  1  2  3 |
---------------+----------+-----
Spellcasting   | 4 6 8 |  8.1
Conjurations   | 5 6 7 |  7.7
Hexes          | 1 2 |  2.0
Translocations | 1 2 |  2.0
Dodging        | |  2.4
Stealth        | |  2.4

Action                   |  1- 3 |  4- 6 || total
-------------------------+-------+-------++-------
Melee: Unarmed           |     3 |       ||     3
 Cast: Magic Dart        |     8 |       ||     8
       Searing Ray       |     2 |     2 ||     4
 Abil: Evoke Invisibilit |       |     3 ||     3
Dodge: Dodged            |     4 |       ||     4
